 Dungeon Crawl Stone Soup version 0.30.1-4-g462c640d31 (webtiles) character file.

Game seed: 5807969945766802619

360 booth the Chopper (level 6, -6/48 HPs)
             Began as a Demonspawn Gladiator on Aug 27, 2023.
             Shot with an arrow by a centaur (10 damage)
             ... on level 4 of the Dungeon.
             The game lasted 00:16:13 (3143 turns).

booth the Chopper (Demonspawn Gladiator)            Turns: 3143, Time: 00:16:14

Health: -6/48      AC:  4    Str: 14    XL:     6   Next: 38%
Magic:  6/6        EV: 13    Int: 12    God:
Gold:   102        SH:  0    Dex: 14    Spells: 5/5 levels left

rFire   . . .        a - +0 war axe
rCold   . . .        (no shield)
rNeg    . . .        b - +0 leather armour
rPois   .            c - +0 helmet
rElec   .            (no cloak)
rCorr   .            (no gloves)
SInv    .            (no boots)
Will    .....        (no amulet)
Stlth   +            (no ring)
HPRegen 0.28/turn    (no ring)
MPRegen 0.10/turn

%: no passive effects
@: no status effects
A: powered by death 1, demonic magic 1, weakness stinger 1, demonic touch 1
a: no special abilities


You were on level 4 of the Dungeon.
You visited 1 branch of the dungeon, and saw 4 of its levels.

You collected 102 gold pieces.

Inventory:

Hand Weapons
 a - a +0 war axe (weapon)
 g - a +0 mace
 q - a +1 heavy mace
Missiles
 d - 3 throwing nets (quivered)
 l - 13 poisoned darts
 p - 3 boomerangs
 r - a javelin
Armour
 b - a +0 leather armour (worn)
 c - a +0 helmet (worn)
Scrolls
 e - a scroll of enchant armour {unknown}
 f - 2 scrolls of amnesia
 i - a scroll of fog {unknown}
 n - 2 scrolls of teleportation {unknown}
 o - 2 scrolls of identify
Potions
 h - a potion of resistance
 j - 3 potions of brilliance
 k - a potion of cancellation
 m - a potion of curing {unknown}


   Skills:
 + Level 3.7 Fighting
 + Level 4.0 Axes
 + Level 3.4 Throwing
 + Level 4.0 Dodging


You had 5 spell levels left.
You didn't know any spells.
Your spell library was empty.

Dungeon Overview and Level Annotations

Branches:
Dungeon (4/15)
 Temple: D:4-7

Altars:
Hepliaklqana
Kikubaaqudgha
Sif Muna

Shops:
D:4 =


Innate Abilities, Weirdness & Mutations

You regenerate a little health from kills.
Spells you cast may paralyse adjacent enemies.
You have a small tail.
Your touch may inflict minor irresistible damage on your foes.


Message History

Your touch misses the adder.
The adder is heavily wounded.
The adder barely misses you. The adder bites you but does no damage.
You barely miss the adder. Your touch misses the adder.
The adder is heavily wounded.
The adder misses you. The adder barely misses you.
You barely miss the adder.
The adder is heavily wounded.
The adder bites you but does no damage.
You barely miss the adder. Your touch misses the adder.
The adder is heavily wounded.
The adder bites you. The adder barely misses you.
You miss the adder.
Your tail-slap misses the adder.
The adder is heavily wounded.
The adder closely misses you. The adder bites you but does no damage.
You closely miss the adder.
The adder is heavily wounded.
The adder bites you but does no damage. The adder misses you.
You closely miss the adder.
The adder is heavily wounded.
The adder barely misses you.
You slash the adder!
You kill the adder!
Your Dodging skill increases to level 4!
You see here an adder corpse.
A centaur comes into view. It is wielding a staff of earth.
The centaur wields a +0 shortbow.
The centaur shoots an arrow.
The arrow barely misses you.
The centaur shoots an arrow.
The arrow hits you.
You see here an adder corpse.
The centaur shoots an arrow.
The arrow hits you but does no damage.
Things that are here:
a +0 hand axe; a +0 leather armour; an orc corpse The centaur drinks a potion.
The centaur suddenly seems more resistant.
The centaur shoots an arrow.
The arrow hits you!
The centaur shoots an arrow.
The arrow hits you!
The centaur shoots an arrow.
The arrow hits you!
* * * LOW HITPOINT WARNING * * *
The centaur shoots an arrow.
The arrow hits you!
You die...

...............
#####~..♣..~###
~~... ##...# #
..## ### # ... #..
##c## # ###
...####...##.##
..+
...'...@.......
###
...####......##
#..##### #).#
#†.######.
#.........
#.######## ## ###
### ### #.#
.###.###.###.###.#


You could see a centaur (resistant).

Vanquished Creatures
  A hound (D:3)
  2 orc priests
  4 orc wizards
  5 adders
  An ufetubus (D:4)
  4 worms
  2 dart slugs
  17 orcs
  3 ball pythons
  7 bats
  6 endoplasms
  2 giant cockroaches (D:2)
  2 goblins
  3 hobgoblins
  2 jackals (D:3)
  4 kobolds
  3 quokkas
  A frilled lizard (D:1)
  25 rats
94 creatures vanquished.

Vanquished Creatures (others)
  A quokka (D:4)
1 creature vanquished.

Grand Total: 95 creatures vanquished

Notes
Turn   | Place    | Note
-------+----------+-------------------------------------------
     0 | D:1      | booth the Demonspawn Gladiator began the quest for the Orb.
     0 | D:1      | Reached XP level 1. HP: 16/16 MP: 1/1
   714 | D:1      | Gained mutation: You regenerate a little health from kills.
                  | [demonic ancestry]
   714 | D:1      | Reached XP level 2. HP: 14/22 MP: 2/2
  1025 | D:2      | Discovered your monstrous ancestry.
  1025 | D:2      | Gained mutation: You have a small tail. [demonic ancestry]
  1025 | D:2      | Reached XP level 3. HP: 27/28 MP: 3/3
  1599 | D:3      | Reached XP level 4. HP: 15/34 MP: 4/4
  1826 | D:3      | Found a shimmering blue altar of Sif Muna.
  1826 | D:3      | Found a hazy altar of Hepliaklqana.
  1854 | D:3      | Gained mutation: Spells you cast may paralyse adjacent
                  | enemies. [demonic ancestry]
  1854 | D:3      | Reached XP level 5. HP: 32/41 MP: 5/5
  1997 | D:3      | Found an ancient bone altar of Kikubaaqudgha.
  2105 | D:3      | Found a faded altar of an unknown god.
  2708 | D:4      | Gained mutation: Your touch may inflict minor irresistible
                  | damage on your foes. [demonic ancestry]
  2708 | D:4      | Reached XP level 6. HP: 27/47 MP: 6/6
  2882 | D:4      | Found Ytohia's Jewellery Shoppe.
  3143 | D:4      | Shot with an arrow by a centaur

Illustrated notes

Levels and vault maps discovered:
D:1:      scummos_arrival_simple_fountains, layout_basic, serial_rivers,
          chequers_serial_rivers_small_b, chequers_serial_rivers_micro_c,
          chequers_serial_rivers_small_a, chequers_serial_rivers_marsh,
          chequers_serial_rivers_micro_d, chequers_serial_rivers_small_a,
          minmay_door_square
D:2:      layout_basic, basic_altar
D:3:      layout_loops_ring, nicolae_overflow_two_pavilions,
          kiku_gazebo_pond_becter, shapermc_ecumenical_altar_gd
D:4:      layout_loops_corners, elyvilon_altar_4, serial_shops, shop,
          grunt_decor_resistance, minmay_rat_hole

Skill      XL: |  1  2  3  4  5  6 |
---------------+-------------------+-----
Throwing       | 2 3 |  3.4
Axes           | 3 4 |  4.0
Dodging        | 3 4 |  4.0
Fighting       | 3 |  3.7

Action                     |  1- 3 |  4- 6 || total
---------------------------+-------+-------++-------
  Melee: War axe           |   107 |   164 ||   271
         Tailslap          |     6 |    15 ||    21
         Punch             |       |     1 ||     1
         Touch             |       |     4 ||     4
  Throw: Dart              |     1 |       ||     1
         Javelin           |       |     1 ||     1
    Use: Scroll            |     2 |     2 ||     4
         Potion            |     1 |     3 ||     4
 Armour: Leather armour    |    51 |    49 ||   100
  Dodge: Dodged            |    71 |    98 ||   169
